 Dungeon Crawl Stone Soup version 0.31-a0-851-g7ff8af7976 (webtiles) character file.

Game seed: 11059864860303594534

2357 jasper the Firebug (level 9, -15/83 HPs)
             Began as an Ogre Fire Elementalist on Oct 6, 2023.
             Demolished by a two-headed ogre
             ... wielding a +0 giant spiked club
              (20 damage)
             ... on level 7 of the Dungeon.
             The game lasted 00:10:35 (7878 turns).

jasper the Firebug (Ogre Fire Elementalist)         Turns: 7878, Time: 00:10:35

Health: -15/83     AC:  3    Str: 14    XL:     9   Next: 44%
Magic:  8/15       EV: 10    Int: 20    God:
Gold:   275        SH:  0    Dex: 15    Spells: 2/16 levels left

rFire   + . .        h - staff of fire
rCold   . . .        (no shield)
rNeg    . . .        a - +0 robe
rPois   .            (helmet restricted)
rElec   +            (no cloak)
rCorr   .            (gloves unavailable)
SInv    .            (boots unavailable)
Will    .....        (no amulet)
Stlth   ++           i - +6 ring of dexterity
HPRegen 0.33/turn    (no ring)
MPRegen 0.14/turn

%: no passive effects
@: mighty
A: large, unfitting armour, tough skin 1, electricity resistance, subdued magic
1, inability to drink after injury 1
a: no special abilities


You were on level 7 of the Dungeon.
You visited 1 branch of the dungeon, and saw 7 of its levels.

You collected 275 gold pieces.

Inventory:

Hand Weapons
 b - a +0 trident
 f - a +0 dagger
 g - a +0 whip of pain
 l - a +0 hand axe of electrocution
Missiles
 m - 3 curare-tipped darts
Armour
 a - a +0 robe (worn)
Magical Staves
 h - a staff of fire (weapon)
Jewellery
 i - a +6 ring of dexterity (left hand)
Wands
 e - a wand of acid (1)
Scrolls
 c - a scroll of poison
 d - 2 scrolls of teleportation
 j - a scroll of vulnerability


   Skills:
 - Level 3.4 Fighting
 + Level 3.8 Staves
 - Level 1.7 Dodging
 - Level 1.4 Stealth
 - Level 4.0 Spellcasting
 - Level 6.6 Conjurations
 - Level 7.1 Fire Magic
 + Level 3.1 Evocations


You had 2 spell levels left.
You knew the following spells:

 Your Spells              Type           Power      Damage    Failure   Level
a - Starburst             Conj/Fire      18%        6d7       71%         6
b - Scorch                Fire           74%        2d8       1%          2
c - Flame Wave            Conj/Fire      36%        2d10      6%          4
d - Searing Ray           Conj           46%        2d6       1%          2

Your spell library contained the following spells:

 Spells                   Type           Power      Damage    Failure   Level
 Foxfire                  Conj/Fire      100%       2x1d9     1%          1
 Magic Dart               Conj           92%        1d7       1%          1
 Inner Flame              Hex/Fire       21%        N/A       7%          3
 Volatile Blastmotes      Fire/Tloc      42%        2d13      7%          3
 Dazzling Flash           Conj/Hex       26%        N/A       8%          3
 Fulminant Prism          Conj/Hex       6%         3d7       28%         4
 Maxwell's Capacitive Co  Air            1%         ∞         100%        8


Dungeon Overview and Level Annotations

Branches:
Dungeon (7/15)
 Temple: D:4-7

Altars:
Dithmenos
Kikubaaqudgha
Makhleb
Okawaru
Zin


Innate Abilities, Weirdness & Mutations

You are too large for most types of armour.
You have tough skin. (AC +1)
You are resistant to electric shocks. (rElec)
Your spells are a little easier to cast, but a little less powerful.
You occasionally lose the ability to drink potions when taking damage.


Message History

The orc hits you but does no damage.
The orc warrior hits you with a +0 halberd!
* * * LOW HITPOINT WARNING * * *
The orc wizard points at you and mumbles some strange words.
The puff of flame misses you.
You take 6 damage, and have 24/83 hp.
Casting: Scorch (safe; 1% risk of failure)
Confirm with . or Enter, or press ? or * to list all spells.
Casting: Flame Wave (dangerous; 6% risk of failure)
Press: ? - help, Dir - look around, f - activate You feel a surge of power!
A wave of flame ripples out!
The flame wave engulfs the orc wizard!
You kill the orc wizard!
The flame wave engulfs the orc!
You kill the orc!
The flame wave engulfs the orc wizard!!
You kill the orc wizard!
The flame wave engulfs the orc warrior!
The orc warrior is almost dead. (Press . to intensify the flame waves.)
You hear a shout! x2
The orc warrior closely misses you.
You now have 10/15 mp.
A wave of flame ripples out!
The flame wave engulfs the two-headed ogre.
The two-headed ogre is lightly wounded.
The flame wave engulfs the orc warrior.
You kill the orc warrior!
The two-headed ogre hits you with a +0 giant spiked club!
* * * LOW HITPOINT WARNING * * *
The two-headed ogre hits you with a +0 giant club!
* * * LOW HITPOINT WARNING * * *
Your Evocations skill increases to level 3!
You take 20 damage, and have 4/83 hp.
MASSIVE DAMAGE!!
You now have 9/15 mp.
A wave of flame ripples out!
The flame wave engulfs the two-headed ogre!
The two-headed ogre is moderately wounded.
You finish channelling waves of flame.
The two-headed ogre hits you with a +0 giant spiked club!!
You die...

...........####.###....
##.[.#####. #.# #
....#[..... #.#
......##### #.###.##
####### #......#
#.###..# #.# # #
#)###..### #.@O......
#))####### #..# #..#
#... ##.# #.. ##.


You could see a two-headed ogre.

Vanquished Creatures
  A kobold demonologist (D:7)
  A shadow (D:7)
  An ice beast (D:7)
  2 orc warriors
  2 black bears
  A sky beast (D:5)
  2 ogres
  A phantom (D:5)
  2 bullfrogs
  4 kobold brigands (D:7)
  A scorpion (D:5)
  A howler monkey (D:3)
  6 hounds
  An orc priest (D:3)
  4 iguanas
  A sleepcap (D:3)
  5 orc wizards
  A gnoll (D:1)
  6 adders
  A shadow imp (D:6)
  An ufetubus (D:5)
  4 worms
  2 dart slugs
  17 orcs
  5 ball pythons
  7 bats
  8 endoplasms
  3 giant cockroaches
  3 goblins
  12 hobgoblins
  10 jackals
  4 quokkas
  3 frilled lizards
  12 kobolds
  2 rats
137 creatures vanquished.

Vanquished Creatures (others)
  102 foxfires
102 creatures vanquished.

Grand Total: 239 creatures vanquished

Notes
Turn   | Place    | Note
-------+----------+-------------------------------------------
     0 | D:1      | jasper the Ogre Fire Elementalist began the quest for the
                  | Orb.
     0 | D:1      | Reached XP level 1. HP: 16/16 MP: 3/3
   106 | D:1      | Reached skill level 1 in Conjurations
   244 | D:1      | Reached skill level 1 in Fighting
   244 | D:1      | Reached XP level 2. HP: 22/27 MP: 1/5
   300 | D:1      | Learned a level 2 spell: Scorch
   765 | D:1      | Reached XP level 3. HP: 33/33 MP: 4/7
   817 | D:1      | Reached skill level 3 in Fire Magic
  1688 | D:2      | Reached XP level 4. HP: 30/42 MP: 6/8
  1693 | D:2      | Learned a level 4 spell: Flame Wave
  2299 | D:2      | Found a shadowy altar of Dithmenos.
  2514 | D:3      | HP: 2/44 [orc/+0 mace (7)]
  2520 | D:3      | Gained mutation: Your spells are a little easier to cast,
                  | but a little less powerful. [potion of mutation]
  2520 | D:3      | Gained mutation: You occasionally lose the ability to drink
                  | potions when taking damage. [potion of mutation]
  2520 | D:3      | Gained mutation: You are resistant to electric shocks.
                  | (rElec) [potion of mutation]
  2718 | D:4      | Reached XP level 5. HP: 44/50 MP: 2/10
  2816 | D:4      | Learned a level 2 spell: Searing Ray
  3188 | D:4      | Found an iron altar of Okawaru.
  3561 | D:3      | Reached XP level 6. HP: 61/61 MP: 11/11
  3677 | D:3      | Reached skill level 4 in Fire Magic
  4082 | D:3      | Found an ancient bone altar of Kikubaaqudgha.
  4510 | D:5      | Entered Level 5 of the Dungeon
  4954 | D:5      | Reached XP level 7. HP: 67/67 MP: 8/13
  5218 | D:5      | Reached skill level 5 in Fire Magic
  5235 | D:5      | Learned a level 6 spell: Starburst
  5691 | D:5      | HP: 2/67 [orc/+0 flail (5)]
  6120 | D:6      | Reached skill level 5 in Conjurations
  6120 | D:6      | Reached XP level 8. HP: 57/75 MP: 3/14
  6264 | D:6      | Reached skill level 6 in Fire Magic
  7014 | D:6      | Found a burning altar of Makhleb.
  7017 | D:6      | Noticed a cacodemon
  7019 | D:6      | Found a glowing silver altar of Zin.
  7020 | D:6      | Noticed an angel
  7180 | D:7      | Noticed a shadow
  7185 | D:7      | Killed a shadow
  7211 | D:7      | Reached skill level 7 in Fire Magic
  7372 | D:7      | Noticed a kobold demonologist
  7373 | D:7      | Noticed a sixfirhy
  7378 | D:7      | Reached skill level 1 in Staves
  7378 | D:7      | Reached XP level 9. HP: 44/83 MP: 9/15
  7379 | D:7      | Reached skill level 1 in Evocations
  7379 | D:7      | Killed a kobold demonologist
  7869 | D:7      | Noticed a two-headed ogre
  7877 | D:7      | HP: 4/83 [two-headed ogre/+0 giant spiked club (8)]
  7878 | D:7      | Demolished by a two-headed ogre

Illustrated notes

Levels and vault maps discovered:
D:1:      lemuel_arrival_tunnels, layout_basic
D:2:      layout_basic, basic_altar, hangedman_decor_clover_reticule
D:3:      layout_loops_ring, nicolae_kikubaaqudgha_miasma_corner
D:4:      layout_rooms, mainiacjoe_overflow_surrounded_room
D:5:      layout_loops_ring
D:6:      layout_layer_cave, grunt_temple_overflow_order_and_chaos_2,
          minmay_misc_feat_doors
D:7:      layout_loops_ring, minmay_temple_entry_glassed_door,
          ebering_ghost_inner_flame, minmay_crossroads

Skill      XL: |  1  2  3  4  5  6  7  8  9 |
---------------+----------------------------+-----
Conjurations   | 1 2 3 5 6 |  6.6
Fighting       | 1 2 3 |  3.4
Fire Magic     | 3 4 5 7 |  7.1
Spellcasting   | 3 4 |  4.0
Staves         | 1 3 |  3.8
Evocations     | 3 |  3.1
Dodging        | |  1.7
Stealth        | |  1.4

Action                     |  1- 3 |  4- 6 |  7- 9 || total
---------------------------+-------+-------+-------++-------
  Melee: Dagger            |    45 |       |       ||    45
         Whip              |    12 |       |       ||    12
         Hand axe          |       |    73 |       ||    73
         Staff             |       |    10 |    83 ||    93
         Punch             |       |     2 |       ||     2
   Cast: Foxfire           |    48 |    17 |       ||    65
         Scorch            |     5 |    59 |    50 ||   114
         Searing Ray       |       |     3 |       ||     3
         Flame Wave        |       |       |     7 ||     7
  Evoke: Wand              |       |       |     7 ||     7
    Use: Scroll            |     4 |     6 |     1 ||    11
         Potion            |       |     4 |     2 ||     6
 Armour: Robe              |    52 |   117 |   126 ||   295
  Dodge: Dodged            |    42 |    65 |    56 ||   163

Table legend: (Time is in decaauts)
 A = Elapsed time spent in this place.
 B = Non-inter-level travel time spent in this place.
 C = Inter-level travel time spent in this place.
 D = Time resting spent in this place.
 E = Time spent auto-exploring this place.
 F = Levels seen in this place.
 G = Mean time per level.
                   A        B        C        D        E       F      G
               +--------+--------+--------+--------+--------+-----+--------+
         Total |   7915 |   7762 |    153 |    310 |   6397 |   7 | 1130.7 |
       Dungeon |   7915 |   7762 |    153 |    310 |   6397 |   7 | 1130.7 |
               +--------+--------+--------+--------+--------+-----+--------+

Top non-repeatable levels by time:
     D:5: 1392 daAuts
     D:1: 1354 daAuts
     D:3: 1270 daAuts
     D:4: 1063 daAuts
     D:2: 1014 daAuts
     D:6: 986 daAuts
     D:7: 833 daAuts
